 Dungeon Crawl Stone Soup version 0.30-a0-170-g85af917532 (webtiles) character file.

Game seed: 1502032323008587564

8557 scionoferis the Slicer (level 11, -4/67 HPs)
             Began as a Kobold Delver on Sept 30, 2022.
             Was a Follower of Uskayaw.
             Killed from afar by an ice dragon (shapeshifter) (20 damage)
             ... with a blast of cold
             ... on level 10 of the Dungeon.
             The game lasted 00:30:56 (11292 turns).

scionoferis the Slicer (Kobold Delver)             Turns: 11292, Time: 00:30:56

Health: -4/67      AC:  9    Str: 11    XL:     11   Next: 58%
Magic:  16/17      EV: 17    Int: 12    God:    Uskayaw [*.....]
Gold:   359        SH:  9    Dex: 19    Spells: 10/10 levels left

rFire   . . .      SeeInvis .    a - +1 dagger (elec)
rCold   + . .      Faith    .    u - +3 warlock's mirror {reflect}
rNeg    . . .      Spirit   .    e - +0 acid dragon scales
rPois   +          Reflect  +    (no helmet)
rElec   .          Harm     .    (no cloak)
rCorr   +          Rampage  .    H - +0 pair of gloves
Will    .....                    m - +0 pair of boots
Stlth   +++++.....               (no amulet)
HPRegen 0.21/turn                I - ring of poison resistance
MPRegen 0.15/turn                J - ring of protection from cold

@: about to teleport
A: small, no large weapons, nightstalker 3, sense surroundings 1
a: Renounce Religion, Stomp


You were on level 10 of the Dungeon.
You worshipped Uskayaw.
Uskayaw was aware of your devotion.
You visited 1 branch of the dungeon, and saw 10 of its levels.

You collected 447 gold pieces.
You spent 88 gold pieces at shops.

Inventory:

Hand Weapons
 a - a +1 dagger of electrocution (weapon)
 b - a +0 sling
 i - a +0 short sword
 P - a +0 scimitar of flaming
Missiles
 t - a throwing net
 C - 30 poisoned darts (quivered)
Armour
 e - +0 acid dragon scales (worn)
 m - a +0 pair of boots (worn)
 u - the +3 warlock's mirror (worn) {reflect}
   (You acquired it on level 8 of the Dungeon)

   It can block and reflect piercing ranged attacks and magical attacks against
   the wielder's willpower.
 H - a +0 pair of gloves (worn)
 R - a +0 troll leather armour
Jewellery
 k - a +6 ring of intelligence
 B - a ring of protection from fire
 I - a ring of poison resistance (left hand)
 J - a ring of protection from cold (right hand)
Wands
 g - a wand of digging (8)
 G - a wand of paralysis (2)
 O - a wand of light (2)
Scrolls
 c - a scroll of fog
 d - 7 scrolls of magic mapping
 h - 2 scrolls of fear
 l - 5 scrolls of teleportation
 s - 4 scrolls of vulnerability
 x - a scroll of poison
 y - a scroll of brand weapon
 z - a scroll of amnesia {unknown}
 A - a scroll of silence {unknown}
 F - a scroll of noise {unknown}
 K - 3 scrolls of enchant armour {unknown}
 L - a scroll of immolation {unknown}
 M - 2 scrolls of blinking {unknown}
Potions
 f - 2 potions of haste
 j - 6 potions of curing
 n - 4 potions of flight
 o - a potion of brilliance {unknown}
 p - 2 potions of might {unknown}
 r - 2 potions of ambrosia {unknown}
 v - a potion of mutation
 w - 5 potions of resistance {unknown}
 D - 3 potions of degeneration {unknown}
 E - a potion of magic {unknown}
 N - a potion of lignification {unknown}
 Q - a potion of heal wounds {unknown}


   Skills:
 + Level 7.3 Fighting
 * Level 11.5 Short Blades
 + Level 3.2 Ranged Weapons
 + Level 4.8 Armour
 + Level 7.5 Dodging
 - Level 10.0 Stealth
 + Level 3.2 Shields
 * Level 8.4 Invocations
 + Level 3.0 Evocations


You had 10 spell levels left.
You didn't know any spells.
Your spell library contained the following spells:

 Spells                   Type           Power      Damage    Failure   Level
 Magic Dart               Conj           0%         1d3       58%         1
 Call Imp                 Summ           0%         N/A       73%         2
 Call Canine Familiar     Summ           0%         N/A       91%         3
 Gell's Gravitas          Tloc           0%         N/A       91%         3
 Ignite Poison            Fire/Tmut/Pois 0%         N/A       91%         3
 Inner Flame              Hex/Fire       0%         N/A       91%         3
 Lesser Beckoning         Tloc           0%         N/A       91%         3
 Mephitic Cloud           Conj/Pois/Air  0%         N/A       91%         3
 Portal Projectile        Hex/Tloc       0%         N/A       91%         3
 Summon Guardian Golem    Hex/Summ       0%         N/A       91%         3
 Teleport Other           Tloc           0%         N/A       91%         3
 Cause Fear               Hex            0%         N/A       100%        4
 Leda's Liquefaction      Hex/Erth       0%         N/A       100%        4
 Sticky Flame             Conj/Fire      0%         2d3       100%        4
 Orb of Destruction       Conj           0%         9d5       100%        7
 Spellforged Servitor     Conj/Summ      0%         N/A       100%        7
 Discord                  Hex            0%         N/A       100%        8
 Ignition                 Fire           0%         3d3       100%        8


Dungeon Overview and Level Annotations

Branches:
Dungeon (10/15)            Temple (0/1) D:7            Lair (0/5) D:8
    Orc: D:9-12

Altars:
Fedhas
Hepliaklqana
Okawaru
Qazlal
Sif Muna
Trog
Uskayaw
Xom
Yredelemnul
Zin

Shops:
D:5 *   D:6 !


Innate Abilities, Weirdness & Mutations

You are small and have problems with some larger weapons.
You are completely attuned to the shadows.
You passively map a small area around you.


Message History

Your butterfly dies!
Your butterfly disappears in a burst of colours!
You swap places.
The elephant tramples your butterfly.
Your butterfly holds its ground!
Your butterfly dies!
Your butterfly disappears in a burst of colours!
Found a scroll labelled SYIPLOYFFU.
The elephant tramples your butterfly!
Your butterfly holds its ground!
Your butterfly dies!
Your butterfly disappears in a burst of colours!
You swap places.
Something closely misses your butterfly.
Something barely misses your butterfly. Something tramples your butterfly.
Your butterfly is shoved backwards!
Your butterfly dies!
Your butterfly disappears in a burst of colours!
The elephant closely misses your butterfly.
The elephant trunk-slaps your butterfly.
Your butterfly dies!
Your butterfly disappears in a burst of colours!
You swap places.
An ice dragon comes into view.
The ice dragon breathes frost at you.
The blast of cold hits your butterfly!!!
Your butterfly dies!
Your butterfly disappears in a burst of colours!
The blast of cold misses you.
You hear a shout!
As you read the scroll of teleportation, it crumbles to dust.
You feel strangely unstable.
The elephant barely misses your butterfly.
The elephant trunk-slaps your butterfly.
Your butterfly dies!
Your butterfly disappears in a burst of colours!
The ice dragon breathes frost at you. The blast of cold hits your butterfly!
Your butterfly dies!
Your butterfly disappears in a burst of colours!
The blast of cold hits you!! You resist.
You die...

,,, #.♣,♣..# #....# *
, * #..♣♣.##
#........ ###.P.♣.#
#..P.PP.. ,
.....♣...# #..P.....
,, ..........#
##......., , ,*,
⌠.........# * , ,,
###. .P..bD....### *
,
.............♣......
,, , ,
♣♣.....####b.b.b@....
,
♣.♣....#..'...b♣.####
, b♣.bbbb'..#....♣##
* * ♣.♣.b..####..Y♣.#
* ♣♣b♣bbbb.......♣..
, ,
♣.♣..........♣.♣..,
.♣b♣.P.bP......♣ * *
♣.♣....b...?..♣.#
.♣.♣...##.#...♣,# * *


You could see an ice dragon (catching breath).

Vanquished Creatures
  A two-headed ogre (D:8)
  Pikel (D:8)
  A kobold demonologist (D:10)
  2 komodo dragons
  3 trolls
  A hornet (D:9)
  4 slime creatures (D:10)
  Sigmund (D:3)
  6 yaks (D:9)
  A wyvern (D:7)
  A wraith (D:9)
  2 steam dragons
  An acid dragon (D:8)
  2 black bears
  2 orc warriors
  An ice beast (D:6)
  2 ogres
  3 centaurs
  A lemure (D:8)
  3 kobold brigands
  A necrophage (D:6)
  A gnoll sergeant (D:9)
  2 bullfrogs
  2 scorpions
  14 wights (D:9)
  10 killer bees (D:9)
  2 howler monkeys (D:8)
  2 jellies
  3 orc priests
  4 hounds
  Natasha (thrice) (D:4)
  4 iguanas
  6 orc wizards
  A hell rat (D:8)
  3 gnolls (D:9)
  7 adders
  2 river rats (D:8)
  A shadow imp (D:8)
  3 white imps (D:6)
  A worm (D:2)
  5 dart slugs
  19 orcs
  7 endoplasms
  3 giant cockroaches
  3 goblins
  6 hobgoblins (D:1)
  17 kobolds
  6 quokkas
  5 ball pythons
  4 bats
  2 frilled lizards
  8 rats
196 creatures vanquished.

Vanquished Creatures (others)
  A howler monkey (D:7)
  80 plants (D:10)
81 creatures vanquished.

Grand Total: 277 creatures vanquished

Notes
Turn   | Place    | Note
-------+----------+-------------------------------------------
     0 | D:5      | scionoferis the Kobold Delver began the quest for the Orb.
     0 | D:5      | Reached XP level 1. HP: 14/14 MP: 1/1
    23 | D:5      | Noticed a hound
    72 | D:5      | Noticed a jelly
   107 | D:5      | Noticed an iguana
   110 | D:5      | Killed an iguana
   111 | D:5      | Reached skill level 3 in Short Blades
   111 | D:5      | Reached XP level 2. HP: 19/19 MP: 2/2
   111 | D:5      | Reached XP level 3. HP: 23/23 MP: 3/3
   113 | D:5      | Found a hide-covered altar of Uskayaw.
   120 | D:5      | Became a worshipper of Uskayaw the Reveller
   130 | D:5      | Reached * piety under Uskayaw
   131 | D:5      | Reached XP level 4. HP: 28/28 MP: 4/4
   209 | D:5      | Reached skill level 4 in Short Blades
   209 | D:5      | Reached skill level 1 in Armour
   219 | D:5      | Reached XP level 5. HP: 33/33 MP: 5/5
   271 | D:4      | Noticed an ogre
   303 | D:4      | Killed an ogre
   303 | D:4      | Reached ** piety under Uskayaw
   304 | D:4      | Reached skill level 5 in Short Blades
   304 | D:4      | Reached XP level 6. HP: 38/38 MP: 6/6
   390 | D:3      | Found a shimmering altar of Xom.
  1575 | D:2      | Reached skill level 1 in Invocations
  2030 | D:3      | Found a faded altar of an unknown god.
  2152 | D:3      | Noticed Sigmund
  2153 | D:3      | Killed Sigmund
  2154 | D:3      | Reached XP level 7. HP: 44/44 MP: 6/8
  2604 | D:4      | Found a basalt altar of Yredelemnul.
  2613 | D:4      | Reached skill level 6 in Short Blades
  2817 | D:4      | Found a hazy altar of Hepliaklqana.
  2931 | D:4      | Reached *** piety under Uskayaw
  3489 | D:4      | Found a stormy altar of Qazlal.
  3628 | D:4      | Noticed Natasha
  3630 | D:4      | Killed Natasha
  3631 | D:4      | Reached XP level 8. HP: 48/48 MP: 10/10
  3690 | D:4      | Noticed Natasha
  3693 | D:4      | Killed Natasha
  3811 | D:4      | Noticed Natasha
  3818 | D:4      | Killed Natasha
  3957 | D:5      | Found Otagesk's General Store.
  4827 | D:6      | Reached skill level 7 in Short Blades
  4914 | D:6      | Reached skill level 5 in Fighting
  5424 | D:6      | Found Ditup's Distillery.
  5429 | D:6      | Bought a potion of mutation for 88 gold pieces
  5746 | D:6      | Found a shimmering blue altar of Sif Muna.
  5836 | D:6      | Gained mutation: You are frail. (-10% HP) [potion of
                  | mutation]
  5836 | D:6      | Gained mutation: Your skin changes colour to match your
                  | surroundings (Stealth+). [potion of mutation]
  5836 | D:6      | Gained mutation: You are strong-willed. (Will+) [potion of
                  | mutation]
  5837 | D:6      | Lost mutation: You are frail. (-10% HP) [potion of
                  | mutation]
  5837 | D:6      | Lost mutation: You are strong-willed. (Will+) [potion of
                  | mutation]
  5837 | D:6      | Gained mutation: You sometimes lose your temper in combat.
                  | [potion of mutation]
  5837 | D:6      | Gained mutation: You have a pair of small horns on your
                  | head. [potion of mutation]
  5838 | D:6      | Lost mutation: Your skin changes colour to match your
                  | surroundings (Stealth+). [potion of mutation]
  5838 | D:6      | Lost mutation: You sometimes lose your temper in combat.
                  | [potion of mutation]
  5838 | D:6      | Lost mutation: You have a pair of small horns on your head.
                  | [potion of mutation]
  5838 | D:6      | Gained mutation: You passively map a small area around you.
                  | [potion of mutation]
  5866 | D:7      | Noticed a wyvern
  5867 | D:7      | Killed a wyvern
  5868 | D:7      | Reached skill level 5 in Dodging
  5952 | D:7      | Reached XP level 9. HP: 54/54 MP: 12/12
  6044 | D:7      | Reached skill level 8 in Short Blades
  6270 | D:7      | Reached skill level 5 in Invocations
  6312 | D:7      | Found a staircase to the Ecumenical Temple.
  6377 | D:7      | Found an iron altar of Okawaru.
  6922 | D:7      | Found a blossoming altar of Fedhas.
  7009 | D:8      | Identified a scroll of acquirement
  7011 | D:8      | Acquired the +3 warlock's mirror {reflect}
  7011 | D:8      | Found the +3 warlock's mirror {reflect}
  7160 | D:8      | Identified the +1 chain mail "Vuid" {rCorr}
  7194 | D:8      | Noticed Pikel
  7206 | D:8      | Killed Pikel
  7212 | D:8      | Reached **** piety under Uskayaw
  7596 | D:8      | Reached skill level 9 in Short Blades
  7611 | D:8      | Reached skill level 1 in Shields
  7615 | D:8      | Noticed a two-headed ogre
  7928 | D:8      | Noticed a death yak
  7929 | D:8      | Found a staircase to the Lair.
  7929 | D:8      | Noticed a death yak
  8316 | D:8      | Killed a two-headed ogre
  8317 | D:8      | Reached XP level 10. HP: 60/60 MP: 14/14
  8514 | D:8      | Noticed a death yak
  8704 | D:9      | Reached skill level 10 in Short Blades
  8708 | D:9      | Reached ***** piety under Uskayaw
  8725 | D:9      | Reached skill level 10 in Stealth
  8992 | D:9      | Found a bloodstained altar of Trog.
  9336 | D:9      | Reached skill level 1 in Ranged Weapons
  9336 | D:9      | Reached skill level 1 in Evocations
  9540 | D:9      | Reached XP level 11. HP: 36/66 MP: 16/16
  9964 | D:9      | Noticed a death knight
 10221 | D:10     | Entered Level 10 of the Dungeon
 10235 | D:10     | Reached skill level 11 in Short Blades
 10350 | D:10     | Found the +3 woodcutter's axe {vorpal}
 10428 | D:10     | Noticed an elephant
 10667 | D:10     | Found a glowing silver altar of Zin.
 11106 | D:9      | Noticed a two-headed ogre
 11163 | D:10     | Noticed an elephant
 11216 | D:10     | Noticed an elephant
 11288 | D:10     | Noticed an ice dragon
 11292 | D:10     | Killed from afar by an ice dragon (shapeshifter)

Illustrated notes

Levels and vault maps discovered:
D:1:      eino_arrival_cavern_e, layout_basic
D:2:      layout_loops_ring
D:3:      layout_loops_ring, lemuel_round_altar, nicolae_ecumenical_pavilion,
          uniq_sigmund
D:4:      layout_gridville, nicolae_hepliaklqana_hazy_memory,
          mainiacjoe_overflow_big_doors, serial_park_tiny_1, uniq_natasha
D:5:      layout_basic, overflow_temple_1_default, serial_shops,
          nicolae_lakefront_shop
D:6:      layout_basic, lemuel_blue_sif_altar, serial_shops,
          nicolae_square_shop, minmay_misc_feat_doors
D:7:      layout_loops_ring, mainiacjoe_overflow_tiny_flanked, fedhas_altar_4,
          minmay_temple_entry_statues_fountains
D:8:      layout_basic, dpeg_lair_monsters, minmay_strange_pillars,
          minmay_quadrilaterals, uniq_pikel
D:9:      layout_loops_ring, old_standard_altar, nzn_random_ring
D:10:     wad_woods_settlement, layout_loops_ring,
          mainiacjoe_overflow_cross_hatched, lemuel_round_altar,
          nicolae_tso_carved_into_rock

Skill      XL: |  1  2  3  4  5  6  7  8  9 10 11 |
---------------+----------------------------------+-----
Short Blades   | 3 4 5 6 7 9 10 11 | 11.5
Dodging        | 3 4 5 6 7 |  7.5
Armour         | 1 2 3 4 |  4.8
Stealth        | 7 8 9 10 | 10.0
Fighting       | 4 5 6 7 |  7.3
Invocations    | 2 4 6 7 8 |  8.4
Shields        | 1 2 3 |  3.2
Ranged Weapons | 1 3 |  3.2
Evocations     | 1 3 |  3.0

Action                   |  1- 3 |  4- 6 |  7- 9 | 10-12 || total
-------------------------+-------+-------+-------+-------++-------
Melee: Short sword       |     1 |       |       |       ||     1
       Dagger            |     1 |    93 |   247 |   313 ||   654
       Punch             |       |     2 |     5 |       ||     7
 Fire: Sling             |       |       |     5 |       ||     5
Throw: Throwing net      |       |       |     2 |       ||     2
       Dart              |       |       |       |    14 ||    14
Invok: Line Pass         |       |       |     2 |     5 ||     7
Evoke: Wand              |       |       |     5 |     2 ||     7
  Use: Potion            |       |       |     5 |     1 ||     6
       Scroll            |       |       |     7 |     3 ||    10
 Stab: Sleeping          |     2 |    35 |    22 |    17 ||    76
       Distracted        |       |     1 |     1 |     1 ||     3
       Paralysed         |       |       |     5 |     8 ||    13
       Confused          |       |       |       |     2 ||     2
       Invisible         |       |       |       |     2 ||     2
Armor: Leather armour    |       |    12 |    19 |       ||    31
       Acid dragon scale |       |       |       |    42 ||    42
Dodge: Dodged            |       |    20 |    93 |   159 ||   272
Block: Buckler           |       |       |    17 |   110 ||   127
       Reflection        |       |       |       |     3 ||     3

Table legend: (Time is in decaauts)
 A = Elapsed time spent in this place.
 B = Non-inter-level travel time spent in this place.
 C = Inter-level travel time spent in this place.
 D = Time resting spent in this place.
 E = Time spent auto-exploring this place.
 F = Levels seen in this place.
 G = Mean time per level.
                   A        B        C        D        E       F      G
               +--------+--------+--------+--------+--------+-----+--------+
         Total |  11050 |  10691 |    359 |   2407 |   6061 |  10 | 1105.0 |
       Dungeon |  11050 |  10691 |    359 |   2407 |   6061 |  10 | 1105.0 |
               +--------+--------+--------+--------+--------+-----+--------+

Top non-repeatable levels by time:
     D:9: 1868 daAuts
     D:4: 1603 daAuts
     D:7: 1550 daAuts
     D:8: 1166 daAuts
     D:6: 1085 daAuts
     D:2: 900 daAuts
     D:5: 898 daAuts
     D:3: 699 daAuts
     D:1: 646 daAuts
    D:10: 631 daAuts
